 Dungeon Crawl Stone Soup version 0.17-a0-995-gb5fa8d7 (webtiles) character file.

19 ololoev the Ruffian (level 2, 0/24 HPs)
             Began as a Ghoul Warper on May 12, 2015.
             Slain by a kobold (1 damage)
             ... on level 2 of the Dungeon.
             The game lasted 00:01:22 (901 turns).

ololoev the Ruffian (Ghoul Warper)                   Turns: 901, Time: 00:01:22

Health: 0/24       AC:  3    Str: 14    XL:     2   Next: 75%
Magic:  3/3        EV: 11    Int:  8    God:
Gold:   18         SH:  0    Dex:  8    Spells: 1 memorised, 3 levels left

rFire  . . .     SeeInvis .       - Unarmed
rCold  + . .     Clarity  .     j - +0 leather armour
rNeg   + + +     SustAb   .     (no shield)
rPois  ∞         Gourm    .     (no helmet)
rElec  .         Spirit   .     (no cloak)
rCorr  .         Warding  .     (no gloves)
rMut   .         Stasis   .     (no boots)
MR     .....                    (no amulet)
Stlth  +.........               (no ring)
                                (no ring)

@: rotting, not resistant to hostile enchantments, very unstealthy
A: rotting body, claws 1, carnivore 3, cold resistance 1, negative energy
resistance 3, slow healing 1, torment resistance, unbreathing
a: no special abilities


Innate Abilities, Weirdness & Mutations

Your body is rotting away.
You thrive on raw meat.
You are immune to poison.
You have sharp fingernails.
You are carnivorous and can eat meat at any time.
Your flesh is cold resistant.
You are immune to negative energy.
You heal slowly when monsters are visible.
You are immune to unholy pain and torment.
You can survive without breathing.

Inventory:

Missiles
 a - 3 javelins
 d - 5 tomahawks of dispersal (quivered)
Armour
 j - a +0 leather armour (worn)
Scrolls
 c - a scroll of blinking
 g - 5 scrolls of identify {unknown}
 i - a scroll of recharging {unknown}
Potions
 f - a potion of curing {unknown}
 h - a potion of lignification {unknown}
Books
 b - a book of Spatial Translocations

   Spells                             Type                      Level
   a - Apportation                    Translocation                1
   b - Blink                          Translocation                2
   c - Shroud of Golubria             Charms/Translocation         2
   d - Portal Projectile              Translocation                3
   e - Teleport Other                 Translocation                3
   f - Passage of Golubria            Translocation                4
Comestibles
 e - 2 meat rations


   Skills:
 - Level 2.1 Fighting
 - Level 0.8 Throwing
 + Level 1.5 Armour
 - Level 1.7 Dodging
 * Level 3.1 Unarmed Combat
 - Level 1.7 Spellcasting
 - Level 2.6 Translocations


You had 3 spell levels left.
You knew the following spells:

 Your Spells              Type           Power        Failure   Level  Hunger
a - Apportation           Tloc           #.........   17%         1    ##.....


You were on level 2 of the Dungeon.
You were not hungry.

You visited 1 branch of the dungeon, and saw 2 of its levels.

You collected 18 gold pieces.

#........#######..
#........# ##.
#........# #.
#........# #.
#######'## #.
######## #.# #.
#(.....#####.# #.
+.....).((.#.# #.
#....K@###.#.# #.
#....S.# #.#.#
..... #......#
#.#.# ####.
#......#
#.#.#########.
#......#
#.............
#......#
###.#########.
#......# #.#
######## #.# #.#

Notes
Turn   | Place    | Note
--------------------------------------------------------------
     0 | D:1      | ololoev the Ghoul Warper began the quest for the Orb.
     0 | D:1      | Reached XP level 1. HP: 17/17 MP: 2/2
   176 | D:1      | Reached skill level 1 in Armour
   785 | D:2      | Found a shadowy altar of Dithmenos.
   796 | D:2      | Reached skill level 3 in Unarmed Combat
   796 | D:2      | Reached XP level 2. HP: 15/24 MP: 3/3
   900 | D:2      | HP: 1/24 [kobold (3)]
   901 | D:2      | Slain by a kobold

Dungeon Overview and Level Annotations

Branches:
Dungeon (2/15)

Altars:
Dithmenos


Message History

You see here a stone.
You closely miss the adder. The adder barely misses you.
You miss the adder. The adder bites you but does no damage.
The kobold hits you.
You miss the adder. The adder closely misses you.
You closely miss the adder. The adder bites you.
The kobold hits you but does no damage.
You scratch the adder.
The adder begins to bleed from its wounds!
The adder is heavily wounded.
The adder closely misses you. The kobold barely misses you.
The adder bites you.
You scratch the adder but do no damage.
The adder is heavily wounded.
The kobold hits you. The adder bites you.
You are too injured to fight recklessly!
You are too injured to fight recklessly!
You are too injured to fight recklessly!
You are too injured to fight recklessly!
You are too injured to fight recklessly!
You are too injured to fight recklessly!
You are too injured to fight recklessly!
You are too injured to fight recklessly!
You are too injured to fight recklessly!
You are too injured to fight recklessly!
You are too injured to fight recklessly!
You are too injured to fight recklessly!
You are too injured to fight recklessly!
You are too injured to fight recklessly!
You are too injured to fight recklessly!
You are too injured to fight recklessly!
You are too injured to fight recklessly!
You are too injured to fight recklessly!
You closely miss the adder.
The adder is heavily wounded.
The kobold hits you. The adder barely misses you.
You scratch the adder.
The adder is severely wounded.
The adder closely misses you. The kobold hits you.
You die...

You could see an adder (bleeding) and a kobold.

Vanquished Creatures
  An adder (D:2)
  2 goblins
  2 hobgoblins (D:2)
  A kobold (D:1)
  A bat (D:1)
  3 rats (D:1)
10 creatures vanquished.

Action                   || total
-------------------------++-------
Melee: Unarmed           ||    38
  Eat: Chunk             ||     4

Vault maps used:
D:1:      minmay_arrival_three_doors, st_stairs_1
D:2:      overflow_temple_1_default, first_bread, kennysheep_generic_room_11
